 Dungeon Crawl Stone Soup version 0.29.1-13-g9f3cf754e1 (webtiles) character file.

Game seed: 17532270450925682070

3 cheesebisquit the Digger (level 1, -3/10 HPs)
             Began as a Gargoyle Earth Elementalist on Jan 20, 2023.
             Slain by a gnoll
             ... wielding a +0 whip
              (4 damage)
             ... on level 1 of the Dungeon.
             The game lasted 00:00:42 (182 turns).

cheesebisquit the Digger (GrEE)                      Turns: 182, Time: 00:00:43

Health: -3/10      AC:  4    Str:  9 (11) XL:     1   Next: 50%
Magic:  0/3        EV: 11    Int: 14 (15) God:
Gold:   11         SH:  0    Dex:  8 (10) Spells: 3/4 levels left

rFire   . . .      SeeInvis .   (no weapon)
rCold   . . .      Faith    .   (no shield)
rNeg    + . .      Spirit   .   a - +0 robe
rPois   ∞          Reflect  .   (no helmet)
rElec   +          Harm     .   (no cloak)
rCorr   .          Rampage  .   (no gloves)
Will    .....                   (no boots)
Stlth   ++........              (no amulet)
HPRegen 0.03/turn               (no ring)
MPRegen 0.08/turn               (no ring)

@: no status effects
A: sickness immunity, AC +2, negative energy resistance 1, electricity
resistance, torment resistance 1, petrification resistance
a: no special abilities


You were on level 1 of the Dungeon.
You visited 1 branch of the dungeon, and saw 1 of its levels.

You collected 11 gold pieces.

Inventory:

Armour
 a - a +0 robe (worn)
Potions
 b - a potion of magic
 d - a potion of invisibility {unknown}
 e - a potion of curing {unknown}


   Skills:
 - Level 1.6 Dodging
 - Level 2.2 Stealth
 + Level 2.0 Spellcasting
 - Level 0.8 Transmutations
 + Level 3.7 Earth Magic


You had 3 spell levels left.
You knew the following spells:

 Your Spells              Type           Power      Damage    Failure   Level
a - Sandblast             Erth           22%        2d7       5%          1

Your spell library contained the following spells:

 Spells                   Type           Power      Damage    Failure   Level
 Passwall                 Tmut/Erth      5%         N/A       14%         2
 Stone Arrow              Conj/Erth      12%        3d7       32%         3
 Petrify                  Tmut/Erth      7%         N/A       67%         4


Dungeon Overview and Level Annotations

Branches:
Dungeon (1/15)

Altars:


Innate Abilities, Weirdness & Mutations

You are immune to sickness and miasma.
Your stone body is resilient. (AC +2)
You are immune to poison.
You resist negative energy. (rN+)
You are resistant to electric shocks. (rElec)
You are resistant to unholy torment.
You are immune to petrification.


Message History

You see here a frilled lizard corpse.
A rat and a ball python come into view.
Found a smoky cyan potion.
The blast of sand hits the ball python!
You kill the ball python!
The blast of sand hits the rat!
You kill the rat!
Found 6 large rocks.
You see here a rat corpse.
e - a smoky cyan potion A gnoll comes into view.
It is wielding a +0 whip.
A gnoll is nearby!
You miscast Sandblast.
You are very lightly contaminated with residual magic.
Nothing appears to happen.
The blast of sand hits the gnoll but does no damage.
The gnoll shouts!
The blast of sand hits the gnoll.
The gnoll is heavily wounded.
You are out of magic!
You are out of magic!
You are out of magic!
You are out of magic!
You hit the gnoll but do no damage.
The gnoll is moderately wounded.
The gnoll hits you with a +0 whip.
You barely miss the gnoll.
The gnoll is moderately wounded.
The gnoll closely misses you.
You closely miss the gnoll.
The gnoll is moderately wounded.
The gnoll hits you with a +0 whip.
Ouch! That really hurt!
* * * LOW HITPOINT WARNING * * *
Your magical contamination has completely faded away.
It was a potion of degeneration.
There was something very wrong with that liquid.
You feel weakened.
You feel dopey.
You feel clumsy. The gnoll hits you with a +0 whip.
You die...

.. ##.....[.. ...#...###
##....... ....... ..#
##.....# .......##.## .
##...## .......#...# ..
##.## .......#...###..
#.# #
.............##..###.###
......#......# #...#.#..
......g@.....#####.....#
.................###.###
.................†......
........................
........................
#......#####............
#....## ####.........
..... #.........
#.........


You could see a gnoll.

Vanquished Creatures
  A hobgoblin (D:1)
  A ball python (D:1)
  A frilled lizard (D:1)
  A rat (D:1)
4 creatures vanquished.

Notes
Turn   | Place    | Note
-------+----------+-------------------------------------------
     0 | D:1      | cheesebisquit the Gargoyle Earth Elementalist began the
                  | quest for the Orb.
     0 | D:1      | Reached XP level 1. HP: 10/10 MP: 3/3
   182 | D:1      | Slain by a gnoll

Illustrated notes

Levels and vault maps discovered:
D:1:      dpeg_arrival_central, layout_basic, reono_crystal_passage

Action                   || total
-------------------------++-------
Melee: Unarmed           ||     3
 Cast: Sandblast         ||     7
  Use: Potion            ||     1
Dodge: Dodged            ||     1
